 Dungeon Crawl Stone Soup version 0.25-a0-566-g062765be81 (webtiles) character file.

Game seed: 9835036101580799314, levelgen mode: deterministic

47 kae the Sneak (level 3, -7/24 HPs)
             Began as a Vampire Enchanter on Feb 28, 2020.
             Killed from afar by Ijyb (18 damage)
             ... with an iceblast
             ... on level 2 of the Dungeon.
             The game lasted 00:01:29 (1796 turns).

kae the Sneak (Vampire Enchanter)                   Turns: 1796, Time: 00:01:29

Health: -7/24      AC:  2    Str:  7    XL:     3   Next: 48%
Magic:  6/6        EV: 12    Int: 18    God:
Gold:   154        SH:  0    Dex: 14    Spells: 5/6 levels left

rFire    . . .     SeeInvis +   a - +1 dagger
rCold    . . .     Gourm    .   (no shield)
rNeg     . . .     Faith    .   b - +0 robe
rPois    .         Spirit   .   (no helmet)
rElec    .         Reflect  .   (no cloak)
rCorr    .         Harm     .   (no gloves)
MR       .....     Rnd*Tele +   (no boots)
Stlth    +++.......             (no amulet)
HPRegen  0.28/turn              i - ring of teleportation (curse)
MPRegen  0.10/turn              (no ring)

@: stab, regenerating quickly
A: no food, fangs 3, see invisible, unbreathing
a: Exsanguinate


You were on level 2 of the Dungeon.
You were alive.

You visited 1 branch of the dungeon, and saw 4 of its levels.

You collected 154 gold pieces.

Inventory:

Hand Weapons
 a - a +1 dagger (weapon)
Armour
 b - a +0 robe (worn)
Jewellery
 i - a cursed ring of teleportation (left hand)
 n - a +5 ring of intelligence {unknown}
 o - an uncursed ring of fire {unknown}
Scrolls
 c - a scroll of teleportation
 d - 2 scrolls of amnesia {unknown}
 e - 2 scrolls of identify {unknown}
 g - 2 scrolls of remove curse {unknown}
 k - a scroll of immolation {unknown}
 m - a scroll of random uselessness {unknown}
Potions
 j - a potion of heal wounds
 l - a potion of cancellation {unknown}


   Skills:
 * Level 2.5 Short Blades
 - Level 2.1 Dodging
 + Level 5.0 Stealth
 + Level 2.3 Spellcasting
 + Level 4.9 Hexes


You had 5 spell levels left.
You knew the following spells:

 Your Spells              Type           Power        Failure   Level  Hunger
a - Corona                Hex            ###....      2%          1    N/A

Your spell library contained the following spells:

 Spells                   Type           Power        Failure   Level  Hunger
 Confusing Touch          Hex            ###.....     7%          3    N/A
 Tukima's Dance           Hex            ###.....     7%          3    N/A
 Ensorcelled Hibernation  Hex/Ice        ##....       10%         2    N/A
 Dazzling Flash           Conj/Hex       ##....       19%         3    N/A

Dungeon Overview and Level Annotations

Branches:
Dungeon (4/15)
 Temple: D:4-7

Altars:
Ru

Annotations:
D:2 Ijyb


Innate Abilities, Weirdness & Mutations

You do not eat.
Your natural rate of healing is unusually fast.
You have razor-sharp teeth.
You have supernaturally acute eyesight. (SInv)
You can survive without breathing.


Message History

It was a potion of curing.
You feel better. Ijyb hits you with a +0 club.
You feel better. Ijyb hits you with a +0 club.
You barely miss Ijyb. Ijyb hits you with a +0 club.
You hit Ijyb. You bite Ijyb, but do no damage.
Ijyb is lightly wounded.
Ijyb barely misses you.
It was a potion of heal wounds.
You feel much better.
Ijyb zaps a wand.
The mass of ice explodes!
The iceblast engulfs you!
Ouch! That really hurt!
Found a stone staircase leading up.
You see here a bat corpse.
Ijyb stops glowing.
Found an escape hatch in the floor.
There is a stone staircase leading up here.
Ijyb closely misses you.
You climb upwards.
There is a stone staircase leading down here.
Ijyb zaps a wand.
The mass of ice explodes!
The iceblast engulfs you!!
Ouch! That really hurt!
You die...

......#.####..##
##..%....## ##.
#.#.#.#.####...# ##.....##
##
#.#.#.#.#....#.######...##
#
#.#.#.#.#.##........##'##
# ...##.#.#.##.######.##.#
# ......#.#.##.#
#.##.##### #
#.###........#
####.##.#...# # #.#
#.###.##.#
#.(.......#.###### #.# #.#
#.##)# #@##..............
#.# #.# #.##.#
#.##.#...######### ..# #.#
#.##.###.##>##.## ### #.#
#........g.g####
#.######.########
#........# ##########


You could see Ijyb.

Vanquished Creatures
  2 adders (D:2)
  A leopard gecko (D:2)
  2 ball pythons
  5 goblins
  3 hobgoblins
  4 kobolds
  4 bats
  3 frilled lizards
  4 rats (D:2)
28 creatures vanquished.

Vanquished Creatures (others)
  5 toadstools (D:1)
5 creatures vanquished.

Grand Total: 33 creatures vanquished

Notes
Turn   | Place    | Note
-------+----------+-------------------------------------------
     0 | D:1      | kae the Vampire Enchanter began the quest for the Orb.
     0 | D:1      | Reached XP level 1. HP: 13/13 MP: 3/3
   669 | D:2      | Reached XP level 2. HP: 19/19 MP: 5/5
  1056 | D:2      | Reached XP level 3. HP: 24/24 MP: 6/6
  1301 | D:2      | Reached skill level 5 in Stealth
  1333 | D:2      | Found a sacrificial altar of Ru.
  1613 | D:3      | You fall into a shaft and drop 1 floor!
  1624 | D:4      | Noticed a scorpion
  1716 | D:3      | Noticed Ijyb
  1796 | D:2      | Killed from afar by Ijyb

Levels and vault maps discovered:
D:1:      ldierk_walled_garden, layout_loops_ring, minmay_tiny_reverse_x
D:2:      layout_loops_corners, first_ration, nicolae_ru_the_path_less_chosen
D:3:      layout_basic, kennysheep_boxes, uniq_natasha, uniq_ijyb, uniq_sigmund
D:4:      layout_basic, serial_shops, kennysheep_mini, supply_closet_lemuel,
          minmay_rat_hole

Skill      XL: |  1  2  3 |
---------------+----------+-----
Short Blades   | 2 |  2.5
Stealth        | 5 |  5.0
Dodging        | |  2.1
Spellcasting   | |  2.3
Hexes          | |  4.9

Action                   || total
-------------------------++-------
Melee: Dagger            ||    96
       Bite              ||     8
 Cast: Corona            ||     6
  Use: Potion            ||     4
       Scroll            ||     1
 Stab: Sleeping          ||    11
       Distracted        ||     1
Armor: Robe              ||    18
Dodge: Dodged            ||    59

Table legend:
 A = Non-vault XP
 B = Vault XP
 C = Vault XP percentage of total XP
 D = Non-vault monster count
 E = Vault monster count
 F = Vault count percentage of total count
                 A         B        C        D         E       F
            +---------+---------+-------+---------+---------+-------
      Total |      65 |       3 |   4.4 |      26 |       2 |   7.1
            +---------+---------+-------+---------+---------+-------
        D:1 |       8 |       3 |  27.3 |       5 |       2 |  28.6
        D:2 |      46 |       0 |   0.0 |      14 |       0 |   0.0
        D:3 |      10 |       0 |   0.0 |       6 |       0 |   0.0
        D:4 |       1 |       0 |   0.0 |       1 |       0 |   0.0
            +---------+---------+-------+---------+---------+-------
